 Dungeon Crawl Stone Soup version 0.22.1-6-g1668fe2 (webtiles) character file.

4382 infcreate the Thaumaturge (level 10, -1/50 HPs)
             Began as a Deep Elf Conjurer on Jan 17, 2019.
             Was an Initiate of Vehumet.
             Slain by a skeletal warrior
             ... wielding a +0 hand axe
              (14 damage)
             ... on level 8 of the Dungeon.
             The game lasted 00:49:54 (9881 turns).

infcreate the Thaumaturge (Deep Elf Conjurer)       Turns: 9881, Time: 00:49:55

Health: -1/50      AC:  9    Str:  5    XL:     10   Next: 13%
Magic:  9/28       EV: 22    Int: 24    God:    Vehumet [......]
Gold:   102        SH:  0    Dex: 18    Spells: 16/34 levels left

rFire    . . .     SeeInvis +   p - +3 quarterstaff (chaos)
rCold    . . .     Gourm    .   (shield currently unavailable)
rNeg     . . .     Faith    +   a - +0 robe
rPois    .         Spirit   .   B - +2 helmet {SInv}
rElec    .         Reflect  .   q - +0 cloak
rCorr    .         Harm     .   v - +2 pair of gloves {Dex+3}
MR       +....                  (no boots)
Stlth    +++.......             d - amulet of faith
HPRegen  0.16/turn              u - +6 ring of evasion
MPRegen  0.21/turn              (no ring)

@: no status effects
A: no striking features
a: Renounce Religion


You were on level 8 of the Dungeon.
You worshipped Vehumet.
Vehumet was noncommittal.
You were not hungry.

You visited 2 branches of the dungeon, and saw 9 of its levels.

You collected 403 gold pieces.
You spent 301 gold pieces at shops.

Inventory:

Hand Weapons
 p - a +3 quarterstaff of chaos (weapon)
 w - the +1 dagger "Tijed" {holy, rElec MR- Str+3}
   (You found it on level 5 of the Dungeon)

   It has been blessed by the Shining One to cause great damage to the undead
   and demons.
   It affects your strength (+3).
   It insulates you from electricity.
   It affects your resistance to hostile enchantments.
Armour
 a - a +0 robe (worn)
 q - a +0 cloak (worn)
 v - a +2 pair of gloves of dexterity (worn)
 B - a +2 helmet of see invisible (worn)
Jewellery
 d - an amulet of faith (around neck)
 u - a +6 ring of evasion (left hand)
 A - an uncursed amulet of magic regeneration {unknown}
Scrolls
 b - 7 scrolls of identify
 i - 2 scrolls of magic mapping {unknown}
 k - a scroll of vulnerability {unknown}
 m - 3 scrolls of blinking
 n - 2 scrolls of noise {unknown}
 s - 3 scrolls of fear
 t - a scroll of amnesia {unknown}
 x - a scroll of enchant weapon {unknown}
 y - a scroll of enchant armour {unknown}
Potions
 e - a potion of lignification {unknown}
 f - 2 potions of cancellation
 h - a potion of agility {unknown}
 l - 3 potions of degeneration {unknown}
 o - a potion of curing
 r - a potion of magic {unknown}
 z - a potion of invisibility {unknown}
 D - a potion of haste {unknown}
 E - a potion of flight {unknown}
Comestibles
 c - 19 rations


   Skills:
 + Level 6.0 Dodging
 + Level 4.4 Stealth
 + Level 12.9 Spellcasting
 + Level 11.1 Conjurations


You had 16 spell levels left.
You knew the following spells:

 Your Spells              Type           Power        Failure   Level  Hunger
a - Magic Dart            Conj           ####         1%          1    None
b - Searing Ray           Conj           ######       1%          2    None
c - Dazzling Spray        Conj/Hex       #####.       1%          3    None
d - Iskenderun's Mystic   Conj           ######..     1%          4    None
e - Force Lance           Conj/Tloc      #####...     4%          4    None
f - Fulminant Prism       Conj/Hex       #####.....   4%          4    None

Your spell library contained the following spells:

 Spells                   Type           Power        Failure   Level  Hunger
 Corona                   Hex            ###....      4%          1    None
 Slow                     Hex            ###.....     6%          2    None
 Inner Flame              Hex/Fire       ###.....     12%         3    None
 Portal Projectile        Hex/Tloc       ###...       12%         3    None
 Cause Fear               Hex            ###.......   36%         4    None
 Leda's Liquefaction      Hex/Erth       ###.......   36%         4    None


Dungeon Overview and Level Annotations

Branches:
Dungeon (8/15)             Temple (1/1) D:4
   Lair: D:8-11

Altars:
Ashenzari
Cheibriados
Dithmenos
Elyvilon
Fedhas
Gozag
Hepliaklqana
Kikubaaqudgha
Makhleb
Nemelex Xobeh
Okawaru
Qazlal
Ru
Trog
Uskayaw
Vehumet
Wu Jian
Xom
Yredelemnul
Zin
The Shining One

Shops:
D:7 }[([


Message History

The searing ray hits the skeletal warrior.
The skeletal warrior is severely damaged.
The skeletal warrior misses you.
All of the chunks of flesh in your inventory have rotted away.
The searing ray hits the skeletal warrior.
The skeletal warrior is almost destroyed.
The searing ray hits the shadow imp.
You kill the shadow imp!
Vehumet accepts your kill.
You finish channeling your searing ray.
The skeletal warrior misses you.
Casting: Searing Ray (safe; 1% risk of failure)
Confirm with . or Enter, or press ? or * to list all spells.
Aiming: Searing Ray (safe; 1% risk of failure)
Press: ? - help, Shift-Dir - straight line, f - skeletal warrior
Aim: a skeletal warrior, wielding a hand axe (almost destroyed)
The searing ray hits the skeletal warrior.
The skeletal warrior is almost destroyed. (Press . to maintain the ray.)
The skeletal warrior hits you with a hand axe!
You die...

#.#.##..####..#.#)#.#....##.#)...
#.#.######..###.#.#.#......##..##
#.#.####..###..##...#....####..##
#.#.##..###..########..#### #..##
#.#.#####..###..#....####.. #..##
#.#....###....#.#..####..#. #..##
#.####...###.##.#####..###. #....
#.# ###...###..###..###$#. #.###
#.# ###...###@z.###hJ... #./..
..# ###...####.!###?#. #.### ###
#.#....###..###. #.### #
#.####...###..#. #.... #
#...)..#...###.. #..## #
######.###...#####.## #
#.##..#.......# #
#..........#.#### #
#######.##.......


You could see a skeletal warrior, a black bear and a jelly.

Vanquished Creatures
  Joseph (D:8)
  A hippogriff (D:8)
  A wyvern (D:8)
  An ice beast (D:6)
  An orc warrior (D:7)
  A black bear (D:6)
  A phantom (D:5)
  A sky beast (D:8)
  6 ogres
  A centaur (D:8)
  A big kobold (D:7)
  3 bullfrogs
  3 gnoll sergeants
  5 scorpions
  8 killer bees
  8 wights
  A howler monkey (D:6)
  5 crimson imps
  3 jellies
  2 orc priests (D:7)
  Crazy Yiuf (D:4)
  2 bullfrog skeletons
  5 hounds
  4 iguanas
  Ijyb (D:5)
  4 worker ants
  7 orc wizards
  10 gnolls
  A worker ant zombie (D:5)
  8 adders
  A howler monkey skeleton (D:6)
  3 shadow imps (D:8)
  2 oozes
  2 adder skeletons
  2 worms
  3 dart slugs
  3 leopard geckos
  22 orcs
  4 giant cockroaches
  3 goblins
  8 hobgoblins
  6 jackals
  2 quokkas
  3 ball pythons
  6 bats
  4 frilled lizards
  14 kobolds
185 creatures vanquished.

Vanquished Creatures (others)
  A fulminant prism (D:8)
1 creature vanquished.

Grand Total: 186 creatures vanquished

Notes
Turn   | Place    | Note
-------+----------+-------------------------------------------
     0 | D:1      | infcreate the Deep Elf Conjurer began the quest for the
                  | Orb.
     0 | D:1      | Reached XP level 1. HP: 10/10 MP: 6/6
   454 | D:1      | Reached XP level 2. HP: 5/15 MP: 2/8
   458 | D:1      | Learned a level 2 spell: Searing Ray
  1038 | D:2      | Reached skill level 5 in Conjurations
  1106 | D:2      | Found an opulent altar of Gozag.
  1143 | D:2      | Found a hazy altar of Hepliaklqana.
  1370 | D:2      | Reached XP level 3. HP: 18/19 MP: 5/9
  1375 | D:2      | Learned a level 3 spell: Dazzling Spray
  1375 | D:2      | Found a basalt altar of Yredelemnul.
  1644 | D:3      | Found a shattered altar of Ashenzari.
  1655 | D:3      | Found a snail-covered altar of Cheibriados.
  1721 | D:3      | Found a white marble altar of Elyvilon.
  1892 | D:3      | Reached skill level 4 in Spellcasting
  1892 | D:3      | Reached XP level 4. HP: 24/24 MP: 4/12
  2145 | D:3      | Found a faded altar of an unknown god.
  2335 | D:3      | Learned a level 4 spell: Iskenderun's Mystic Blast
  2653 | D:4      | Noticed an ogre
  2658 | D:4      | Killed an ogre
  2658 | D:4      | Reached skill level 5 in Spellcasting
  2658 | D:4      | Reached XP level 5. HP: 28/28 MP: 8/14
  2719 | D:4      | Found a runed door.
  2741 | D:4      | Noticed Crazy Yiuf
  2745 | D:4      | Killed Crazy Yiuf
  2745 | D:4      | Reached XP level 6. HP: 32/32 MP: 10/16
  3130 | D:4      | Reached skill level 6 in Spellcasting
  3448 | D:4      | Found a bloodstained altar of Trog.
  3505 | D:4      | Found a staircase to the Ecumenical Temple.
  3521 | Temple   | Entered the Ecumenical Temple
  3881 | D:5      | Entered Level 5 of the Dungeon
  3881 | D:5      | Noticed Ijyb
  3886 | D:5      | Killed Ijyb
  4040 | D:5      | Got a scorched dagger
  4041 | D:5      | Identified the +1 dagger "Tijed" {holy, rElec MR- Str+3}
                  | (You found it on level 5 of the Dungeon)
  4230 | D:5      | Reached XP level 7. HP: 36/36 MP: 14/19
  4241 | D:5      | Reached skill level 7 in Spellcasting
  4346 | D:5      | Found an ancient bone altar of Kikubaaqudgha.
  4653 | D:5      | Found a sacrificial altar of Ru.
  4655 | D:5      | Found a stormy altar of Qazlal.
  4724 | D:5      | Reached skill level 8 in Spellcasting
  4965 | D:6      | Reached XP level 8. HP: 41/41 MP: 1/22
  5149 | D:6      | Reached skill level 9 in Spellcasting
  5296 | D:5      | HP: 2/41 [poisoned by a killer bee]
  5304 | D:5      | HP: 1/41 [poisoned by a killer bee]
  6490 | D:6      | Reached skill level 10 in Spellcasting
  7177 | D:7      | Found Caontuv's Armour Shop.
  7187 | D:7      | Reached XP level 9. HP: 45/45 MP: 1/25
  7341 | D:7      | Bought a +2 helmet of see invisible for 301 gold pieces
  7440 | D:7      | Found Roadaczo's Gadget Emporium.
  7449 | D:7      | Found Maeru's Antique Weapon Shoppe.
  7459 | D:7      | Found Siynor's Antique Armour Shoppe.
  7765 | D:7      | Learned a level 4 spell: Force Lance
  7770 | D:7      | Learned a level 4 spell: Fulminant Prism
  7928 | D:8      | Noticed Joseph
  7942 | D:8      | Killed Joseph
  7942 | D:8      | Reached skill level 5 in Dodging
  7942 | D:8      | Reached skill level 11 in Spellcasting
  7942 | D:8      | Reached skill level 10 in Conjurations
  8768 | D:8      | Reached skill level 12 in Spellcasting
  8859 | D:8      | Found a shattered altar of Ashenzari.
  9248 | D:8      | Reached XP level 10. HP: 50/50 MP: 10/28
  9542 | D:8      | Found a radiant altar of Vehumet.
  9542 | D:8      | Found a burning altar of Makhleb.
  9555 | D:8      | Became a worshipper of Vehumet
  9860 | D:8      | Noticed a skeletal warrior
  9881 | D:8      | Slain by a skeletal warrior

Skill      XL: |  1  2  3  4  5  6  7  8  9 10 |
---------------+-------------------------------+-----
Conjurations   | 5 6 7 8 9 11 | 11.1
Spellcasting   | 4 5 6 8 10 12 | 12.9
Dodging        | 3 4 5 6 |  6.0
Stealth        | 3 4 |  4.4

Action                   |  1- 3 |  4- 6 |  7- 9 | 10-12 || total
-------------------------+-------+-------+-------+-------++-------
 Cast: Magic Dart        |    88 |    44 |   107 |     4 ||   243
       Searing Ray       |     4 |    10 |    48 |    10 ||    72
       Iskenderun's Myst |       |     9 |    61 |     5 ||    75
       Fulminant Prism   |       |       |     1 |       ||     1
  Use: Scroll            |     3 |     9 |     3 |       ||    15
       Potion            |       |       |     1 |       ||     1
  Eat: Chunk             |     3 |     5 |     9 |     2 ||    19
       Ration            |       |     1 |     2 |       ||     3
Armor: Robe              |     6 |     1 |    18 |       ||    25
Dodge: Dodged            |    12 |    12 |   154 |    13 ||   191
